 Dungeon Crawl Stone Soup version 0.30-a0-639-g3916f1956a (webtiles) character file.

Game seed: 13713893500632052052

8713 pokeman the Thaumaturge (level 11, 0/60 HPs)
             Began as a Deep Elf Hedge Wizard on Jan 15, 2023.
             Was a Follower of Vehumet.
             Slain by a two-headed ogre
             ... wielding a +0 giant club
              (6 damage)
             ... on level 11 of the Dungeon on Jan 16, 2023.
             The game lasted 00:31:45 (12863 turns).

pokeman the Thaumaturge (Deep Elf Hedge Wizard)    Turns: 12863, Time: 00:31:45

Health: 0/60       AC: 12    Str:  7    XL:     11   Next: 13%
Magic:  32/40      EV: 11    Int: 24    God:    Vehumet [*.....]
Gold:   911        SH:  5    Dex: 14    Spells: 30/39 levels left

rFire   + + .      SeeInvis .    a - +7 hand axe of the Mauling Gods {drain, rPois rF+ rC++ Will+}
rCold   + + .      Faith    .    i - +0 buckler
rNeg    . . .      Spirit   .    U - +0 acid dragon scales
rPois   +          Reflect  .    c - +0 hat
rElec   .          Harm     .    H - +0 cloak
rCorr   +          Rampage  .    O - +0 pair of gloves
Will    ++...                    N - +2 pair of boots {Fly}
Stlth   ++                       Y - amulet of magic regeneration
HPRegen 0.30/turn                Q - ring of magical power
MPRegen 0.67/turn                v - ring of protection from fire

@: flying
A: no striking features
a: Renounce Religion


You were on level 11 of the Dungeon.
You worshipped Vehumet.
Vehumet was aware of your devotion.
You visited 2 branches of the dungeon, and saw 12 of its levels.
You also visited: Bailey.

You collected 911 gold pieces.

Inventory:

Hand Weapons
 a - the +7 hand axe of the Mauling Gods (weapon) {drain, rPois rF+ rC++ Will+}
   (You found it on level 3 of the Dungeon)

   rF:        It protects you from fire.
   rC:        It greatly protects you from cold.
   rPois:     It protects you from poison.
   Will:      It increases your willpower.
 B - the +5 woodcutter's axe
   (You took it off a gnoll on level 3 of the Dungeon)
Armour
 b - a +0 robe
 c - a +0 hat (worn)
 i - a +0 buckler (worn)
 H - a +0 cloak (worn)
 N - a +2 pair of boots of flying (worn)
 O - a +0 pair of gloves (worn)
 T - a +1 ring mail of fire resistance
 U - +0 acid dragon scales (worn)
Magical Staves
 h - a staff of poison
 W - a staff of conjuration
 X - a staff of fire
Jewellery
 l - a ring of protection from cold
 n - a ring of fire
 v - a ring of protection from fire (right hand)
 w - a ring of positive energy
 C - an amulet of regeneration
 E - a ring of protection from fire
 F - a ring of flight
 L - the ring "Pootuk" {Fly Dex+3}
   (You found it in a bailey)

   [ring of flight]

   Dex:       It affects your dexterity (+3).
   Fly:       It grants you flight.
 Q - a ring of magical power (left hand)
 Y - an amulet of magic regeneration (around neck)
Wands
 y - a wand of flame (46)
 G - a wand of polymorph (24)
 P - a wand of charming (7)
 Z - a wand of iceblast (6)
Scrolls
 e - 15 scrolls of identify {unknown}
 f - 2 scrolls of blinking {unknown}
 j - 5 scrolls of immolation {unknown}
 m - 2 scrolls of magic mapping {unknown}
 o - 3 scrolls of noise {unknown}
 q - 4 scrolls of teleportation {unknown}
 A - 2 scrolls of fog {unknown}
 D - 4 scrolls of fear {unknown}
 J - 2 scrolls of vulnerability {unknown}
 K - 2 scrolls of poison {unknown}
 R - 2 scrolls of amnesia {unknown}
 S - a scroll of enchant weapon {unknown}
Potions
 d - a potion of magic
 g - a potion of degeneration {unknown}
 k - a potion of lignification {unknown}
 p - 4 potions of heal wounds {unknown}
 r - 5 potions of haste
 s - 4 potions of berserk rage {unknown}
 t - 2 potions of might {unknown}
 u - 6 potions of brilliance {unknown}
 x - 7 potions of curing {unknown}
 z - 4 potions of mutation {unknown}
 I - 2 potions of resistance {unknown}
 M - 4 potions of flight
 V - 4 potions of cancellation {unknown}


   Skills:
 + Level 3.5 Fighting
 - Level 3.0 Armour
 - Level 3.0 Dodging
 - Level 3.1 Stealth
 - Level 3.0 Shields
 * Level 14.7 Spellcasting
 + Level 8.6 Conjurations
 + Level 7.1 Summonings
 - Level 1.1 Translocations
 + Level 1.2 Fire Magic
 - Level 1.2 Air Magic
 - Level 3.0 Poison Magic
 - Level 3.0 Evocations


You had 30 spell levels left.
You knew the following spells:

 Your Spells              Type           Power      Damage    Failure   Level
a - Magic Dart            Conj           100%       1d8       1%          1
b - Mephitic Cloud        Conj/Pois/Air  38%        N/A       4%          3
c - Call Imp              Summ           51%        N/A       1%          2
d - Blink                 Tloc           44%        N/A       8%          2
e - Foxfire               Conj/Fire      100%       2x1d9     1%          1

Your spell library contained the following spells:

 Spells                   Type           Power      Damage    Failure   Level
 Cigotuvi's Dreadful Rot  Necr/Pois/Air  48%        N/A       7%          2
 Slow                     Hex            68%        N/A       8%          1
 Borgnjor's Revivificati  Necr           8%         N/A       100%        8
 Necromutation            Tmut/Necr      8%         N/A       100%        8
 Death's Door             Necr           8%         N/A       100%        9


Dungeon Overview and Level Annotations

Branches:
Dungeon (11/15)            Temple (1/1) D:6            Lair (0/5) D:9
    Orc (0/2) D:11         Bailey (visited)

Altars:
Ashenzari
Cheibriados
Dithmenos
Elyvilon
Fedhas
Gozag
Hepliaklqana
Kikubaaqudgha
Makhleb
Nemelex Xobeh
Okawaru
Qazlal
Ru
Sif Muna
Trog
Uskayaw
Vehumet
Wu Jian
Xom
Yredelemnul
Zin
The Shining One

Shops:
D:1 (   D:4 (   D:7 *   D:9 [

Annotations:
D:10 exclusion: oklob plant
D:11 1 runed translucent door


Message History

Casting: Foxfire (safe; 1% risk of failure)
Confirm with . or Enter, or press ? or * to list all spells.
Aiming: Mephitic Cloud (dangerous; 4% risk of failure)
Press: ? - help, Shift-Dir - straight line, f - troll, p - two-headed ogre
Aim: a troll (lightly wounded, ally target, chance to affect: 67%)
The ball explodes into a vile cloud!
The stinking cloud engulfs the troll but does no damage.
The troll is lightly wounded.
The foxfire hits the troll.
The troll is moderately wounded.
The foxfire hits the troll but does no damage.
The troll is moderately wounded.
The troll is engulfed in noxious fumes.
Unknown command.
You hit the troll but do no damage. You drain the troll.
The troll is moderately wounded.
The troll is engulfed in noxious fumes.
The troll appears confused.
The two-headed ogre looks very confused.
Casting: Mephitic Cloud (dangerous; 4% risk of failure)
Confirm with . or Enter, or press ? or * to list all spells.
You conjure some foxfire!
You hit the two-headed ogre. You drain the two-headed ogre.
The two-headed ogre is severely wounded.
You hit the troll. You drain the troll.
The foxfire hits the two-headed ogre.
The two-headed ogre is almost dead.
The foxfire hits the troll.
The troll is heavily wounded.
You block the two-headed ogre's attack.
The two-headed ogre hits you with a +0 giant club.
* * * LOW HITPOINT WARNING * * *
Casting: Foxfire (safe; 1% risk of failure)
Confirm with . or Enter, or press ? or * to list all spells.
You conjure some foxfire!
The troll seems less confused.
The foxfire hits the troll but does no damage.
The troll is heavily wounded.
The foxfire hits the two-headed ogre.
The two-headed ogre is almost dead.
The two-headed ogre hits you with a +0 giant club.
You die...

# ##### #T..##
#....#
..$....#.O#
##.#####@.# #..#
#..# #..#
#.#####..#
.........#######
#####.........#
##..#####.#
###..#


You could see a two-headed ogre (confused, drained) and a troll (drained).

Vanquished Creatures
  A two-headed ogre (D:9)
  Pikel (D:4)
  A manticore (D:11)
  An elephant (D:9)
  2 trolls
  2 vampires
  Eustachio (D:4)
  6 yaks (D:10)
  A hog (D:10)
  A basilisk (D:9)
  2 wyverns
  Menkaure (D:7)
  2 acid dragons
  11 orc warriors
  A sky beast (D:7)
  2 black bears
  4 ogres
  2 centaurs
  2 kobold brigands
  Blork the orc (D:5)
  A bullfrog (D:7)
  A gnoll sergeant (D:3)
  3 necrophages
  2 scorpions
  6 killer bees
  6 howler monkeys
  A crimson imp (D:8)
  6 hounds
  4 orc priests
  11 orc wizards
  4 iguanas
  A statue (D:9)
  9 gnolls
  12 adders
  A shadow imp (D:5)
  2 white imps (D:7)
  2 ufetubi
  3 worms
  3 dart slugs
  32 orcs
  6 ball pythons
  4 bats
  6 endoplasms
  A giant cockroach (D:1)
  13 goblins
  10 hobgoblins
  3 jackals (D:1)
  25 kobolds
  5 quokkas
  3 frilled lizards
  6 rats
  A spectral hobgoblin (D:5)
  A foxfire (D:11)
239 creatures vanquished.

Vanquished Creatures (collateral kills)
  A yak (D:10)
  A killer bee (D:10)
  Ijyb (D:3)
  An iguana (D:2)
  An adder (D:3)
  5 foxfires (D:10)
10 creatures vanquished.

Vanquished Creatures (others)
  79 foxfires
  A fungus (D:9)
  5 plants
85 creatures vanquished.

Grand Total: 334 creatures vanquished

Notes
Turn   | Place    | Note
-------+----------+-------------------------------------------
     0 | D:1      | pokeman the Deep Elf Hedge Wizard began the quest for the
                  | Orb.
     0 | D:1      | Reached XP level 1. HP: 10/10 MP: 7/7
   136 | D:1      | Found Viloz's Weapon Shop.
   230 | D:1      | Reached XP level 2. HP: 6/15 MP: 1/9
   856 | D:1      | Reached skill level 5 in Spellcasting
  1257 | D:1      | Reached XP level 3. HP: 20/20 MP: 8/11
  1261 | D:1      | Learned a level 3 spell: Mephitic Cloud
  1264 | D:1      | Learned a level 2 spell: Call Imp
  1267 | D:1      | Learned a level 2 spell: Blink
  1794 | D:2      | Found an ancient bone altar of Kikubaaqudgha.
  2158 | D:2      | Reached skill level 1 in Fighting
  2158 | D:2      | Reached skill level 1 in Armour
  2158 | D:2      | Reached XP level 4. HP: 25/25 MP: 7/13
  2846 | D:3      | Reached XP level 5. HP: 29/29 MP: 13/15
  2869 | D:3      | Reached skill level 6 in Spellcasting
  3037 | D:3      | Noticed Ijyb
  3057 | D:3      | Reached skill level 1 in Shields
  3199 | D:3      | Killed Ijyb
  3963 | D:3      | Identified the +7 hand axe of the Mauling Gods {drain,
                  | rPois rF+ rC++ Will+}
  4119 | D:3      | Reached skill level 1 in Air Magic
  4119 | D:3      | Reached XP level 6. HP: 34/34 MP: 12/17
  4521 | D:4      | Reached skill level 7 in Spellcasting
  4728 | D:4      | Found Gyni's Antique Weapon Boutique.
  4856 | D:4      | Noticed Pikel
  4870 | D:4      | Killed Pikel
  4871 | D:4      | Reached skill level 8 in Spellcasting
  4871 | D:4      | Reached XP level 7. HP: 36/38 MP: 9/21
  4876 | D:4      | Noticed Eustachio
  4964 | D:4      | Killed Eustachio
  4965 | D:4      | Reached skill level 9 in Spellcasting
  4965 | D:4      | Reached XP level 8. HP: 26/43 MP: 16/23
  5946 | D:5      | Entered Level 5 of the Dungeon
  5947 | D:5      | Noticed Blork the orc
  5959 | D:5      | Killed Blork the orc
  6123 | D:5      | Reached skill level 5 in Conjurations
  6154 | D:5      | Identified the +11 short sword "Elf's Foe" {chaos, Dex+4}
  6264 | D:5      | Reached skill level 10 in Spellcasting
  6658 | D:5      | Found a hazy altar of Hepliaklqana.
  7172 | D:6      | Reached XP level 9. HP: 21/48 MP: 16/25
  7465 | D:6      | Reached skill level 11 in Spellcasting
  7658 | D:6      | Found a staircase to the Ecumenical Temple.
  7668 | Temple   | Entered the Ecumenical Temple
  7921 | D:7      | Noticed Menkaure
  7928 | D:7      | Killed Menkaure
  7984 | D:7      | Found a flagged portal.
  7991 | Bailey   | Entered a bailey
  8176 | Bailey   | Identified the ring "Pootuk" {Fly Dex+3}
  8266 | Bailey   | Reached skill level 12 in Spellcasting
  8341 | Bailey   | Reached skill level 5 in Summonings
  9002 | D:7      | Found Zin's Purification Station.
  9002 | D:7      | Found a glowing silver altar of Zin.
  9244 | D:7      | Found a sparkling altar of Nemelex Xobeh.
  9383 | D:8      | Found an ancient bone altar of Kikubaaqudgha.
  9394 | D:8      | Reached XP level 10. HP: 53/53 MP: 21/28
  9768 | D:8      | Found an ornate altar of the Wu Jian Council.
 10143 | D:8      | Found a shimmering altar of Xom.
 10160 | D:8      | Found a burning altar of Makhleb.
 10220 | D:8      | Found a basalt altar of Yredelemnul.
 10229 | D:8      | Found a shadowy altar of Dithmenos.
 10398 | D:9      | Found an opulent altar of Gozag.
 10491 | D:9      | Noticed an elephant
 10513 | D:9      | Reached skill level 13 in Spellcasting
 10529 | D:9      | Killed an elephant
 10577 | D:9      | Found a staircase to the Lair.
 10595 | D:9      | Found Unoj's Antique Armour Shoppe.
 10695 | D:9      | Noticed a two-headed ogre
 10840 | D:9      | Found a radiant altar of Vehumet.
 10855 | D:9      | Became a worshipper of Vehumet
 11058 | D:9      | Killed a two-headed ogre
 11328 | D:10     | Entered Level 10 of the Dungeon
 11368 | D:10     | Found a blossoming altar of Fedhas.
 11380 | D:10     | Noticed an oklob plant
 11539 | D:10     | Reached skill level 14 in Spellcasting
 11902 | D:10     | Reached * piety under Vehumet
 11902 | D:10     | Offered knowledge of Foxfire by Vehumet.
 11907 | D:10     | Learned a level 1 spell: Foxfire
 12075 | D:10     | Reached XP level 11. HP: 60/60 MP: 31/31
 12431 | D:11     | Found a staircase to the Orcish Mines.
 12465 | D:11     | Reached skill level 1 in Fire Magic
 12620 | D:11     | Found a runed translucent door.
 12841 | D:11     | Noticed a two-headed ogre
 12863 | D:11     | Slain by a two-headed ogre

Illustrated notes

Levels and vault maps discovered:
D:1:      dpeg_arrival_houses_and_road, layout_loops_ring, serial_shops,
          shop_fountains, serial_forest, infiniplex_forest_clump_cross,
          infiniplex_forest_corner_1, infiniplex_forest_zigzag_1,
          infiniplex_forest_clump_small, infiniplex_forest_straight_2,
          infiniplex_forest_lined_3, infiniplex_forest_end_double,
          infiniplex_forest_straight_3, infiniplex_forest_lined_3,
          infiniplex_forest_zigzag_2
D:2:      layout_rooms, basic_altar, st_stairs_9
D:3:      layout_basic, kennysheep_donut, serial_bayou_pond_d,
          nicolae_concentric_dashed_squares_wild, minmay_misc_feat_nine_boxes,
          dk_noncrumbling_4, kennysheep_another_room, minmay_statues_item,
          pf_guarded_unrand_woodcutter, uniq_ijyb
D:4:      layout_layer_cave, serial_shops, nicolae_shop_stone, uniq_eustachio,
          uniq_pikel
D:5:      minmay_recursive_quarters, layout_loops_ring,
          nicolae_hepliaklqana_monster_ancestors,
          chequers_serial_rivers_micro_e, nicolae_half_adder, uniq_blork_the_orc
D:6:      layout_rooms, minmay_temple_entry_mini_moons
D:7:      layout_gridville, nemelex_dance_club_becter, zin_purify,
          enter_bailey_2, uniq_menkaure
D:8:      layout_basic, grunt_temple_overflow_champion_of_chaos,
          kiku_gazebo_pond_becter, minitemple, pdpol_wu_jian_five_deadly_venoms
D:9:      layout_loops_cross, vehumet_statue,
          mainiacjoe_overflow_concentric_impassable, david_lair_generic,
          serial_shops, nicolae_shop_competitors_out_of_business
D:10:     layout_roguey, tgw_fedhas
D:11:     gammafunk_indiana_jones, layout_loops_ring, orc_0_dummy
Temple:   zaba_magenta_temple

Skill      XL: |  1  2  3  4  5  6  7  8  9 10 11 |
---------------+----------------------------------+-----
Spellcasting   | 5 6 8 9 10 12 14 | 14.7
Fighting       | 1 2 3 |  3.5
Armour         | 1 2 3 |  3.0
Conjurations   | 2 3 4 5 7 8 |  8.6
Dodging        | 3 |  3.0
Shields        | 1 3 |  3.0
Stealth        | 3 |  3.1
Air Magic      | 1 |  1.2
Poison Magic   | 2 3 |  3.0
Evocations     | 2 3 |  3.0
Summonings     | 3 5 7 |  7.1
Fire Magic     | 1 |  1.2
Translocations | |  1.1

Action                   |  1- 3 |  4- 6 |  7- 9 | 10-12 || total
-------------------------+-------+-------+-------+-------++-------
Melee: Dagger            |    13 |    48 |       |       ||    61
       Battleaxe         |       |     4 |       |       ||     4
       Hand axe          |       |     8 |   121 |    99 ||   228
       Punch             |       |     1 |     1 |       ||     2
 Cast: Magic Dart        |    99 |   105 |   234 |    51 ||   489
       Call Imp          |     2 |     9 |     2 |     5 ||    18
       Mephitic Cloud    |     1 |    12 |    30 |    34 ||    77
       Blink             |       |     8 |       |     4 ||    12
       Foxfire           |       |       |       |    47 ||    47
Evoke: Wand              |       |       |       |     9 ||     9
 Stab: Confused          |       |     6 |    21 |    11 ||    38
       Sleeping          |       |     1 |       |       ||     1
Armor: Robe              |     3 |     4 |    24 |    17 ||    48
       Acid dragon scale |       |       |       |     1 ||     1
Dodge: Dodged            |    18 |    35 |   113 |    60 ||   226
Block: Buckler           |       |       |     1 |    26 ||    27

Table legend: (Time is in decaauts)
 A = Elapsed time spent in this place.
 B = Non-inter-level travel time spent in this place.
 C = Inter-level travel time spent in this place.
 D = Time resting spent in this place.
 E = Time spent auto-exploring this place.
 F = Levels seen in this place.
 G = Mean time per level.
                   A        B        C        D        E       F      G
               +--------+--------+--------+--------+--------+-----+--------+
         Total |  12932 |  12453 |    479 |    689 |   9380 |  13 |  994.8 |
       Dungeon |  12329 |  11868 |    461 |    689 |   9133 |  11 | 1120.8 |
        Temple |     73 |     55 |     18 |      0 |     50 |   1 |   73.0 |
        Bailey |    529 |    529 |      0 |      0 |    197 |   1 |  529.0 |
               +--------+--------+--------+--------+--------+-----+--------+

Top non-repeatable levels by time:
     D:3: 1769 daAuts
     D:1: 1680 daAuts
     D:4: 1546 daAuts
     D:9: 1078 daAuts
    D:10: 1022 daAuts
     D:5: 1017 daAuts
     D:7: 1014 daAuts
     D:2: 956 daAuts
     D:8: 936 daAuts
     D:6: 802 daAuts
  Bailey: 529 daAuts
    D:11: 505 daAuts
  Temple: 73 daAuts
